 Dungeon Sprint DCSS version 0.31.0-32-g396128a36d (webtiles) character file.

Game seed: 6373797700757160174

176 Heoruswealwe the Spear-Bearer (level 5, -2/52 HPs)
             Began as a Minotaur Fighter on Mar 14, 2024.
             Was an Initiate of Gozag.
             Slain by an orc warrior
             ... wielding a +0 glaive
              (17 damage)
             ... in the Dungeon (Sprint IX: "|||||||||||||||||||||||||||||").
             The game lasted 00:01:08 (100 turns).

Heoruswealwe the Spear-Bearer (Minotaur Fighter)     Turns: 100, Time: 00:01:09

Health: -2/52      AC:  8    Str: 22    XL:     5   Next: 30%
Magic:  4/4        EV:  9    Int:  5    God:    Gozag
Gold:   0          SH:  4    Dex: 10    Spells: 4/4 levels left

rFire   . . .        a - +0 trident
rCold   . . .        d - +0 buckler
rNeg    . . .        c - +0 scale mail
rPois   .            (helmet restricted)
rElec   .            (no cloak)
rCorr   .            (no gloves)
SInv    .            (no boots)
Will    .....        (no amulet) Stlth
                     (no ring)
HPRegen 0.28/turn    (no ring)
MPRegen 0.09/turn

%: no teleportation
@: no status effects
A: horns 2, retaliatory headbutt
a: Renounce Religion, Potion Petition, Call Merchant, Bribe Branch


You were in the Dungeon.
You worshipped Gozag.
Gozag was noncommittal.
You visited 1 branch

Inventory:

Hand Weapons
 a - a +0 trident (weapon)
Armour
 c - a +0 scale mail (worn)
 d - a +0 buckler (worn)
Jewellery
 k - a +2 ring of evasion
 l - a +3 ring of intelligence
Wands
 h - a wand of iceblast (10)
Scrolls
 j - 2 scrolls of blinking
Potions
 b - a potion of might
 e - 5 potions of curing
 f - 3 potions of heal wounds
 g - a potion of haste
 i - a potion of berserk rage


   Skills:
 + Level 7.4 Fighting
 * Level 9.5 Polearms
 + Level 7.4 Armour
 - Level 3.6 Shields


You had 4 spell levels left.
You didn't know any spells.
Your spell library was empty.

Dungeon Overview and Level Annotations

Branches:
Dungeon (1/1)

Altars:
Cheibriados
Dithmenos
Elyvilon
Fedhas
Gozag
Hepliaklqana
Kikubaaqudgha
Makhleb
Nemelex Xobeh
Okawaru
Qazlal
Ru
Sif Muna
Trog
Uskayaw
Vehumet
Wu Jian
Xom
Yredelemnul
Zin
The Shining One
Jiyva
Lugonu


Innate Abilities, Weirdness & Mutations

You have a pair of horns on your head.
You reflexively headbutt those who attack you in melee.


Message History

2 potions of magic; a potion of invisibility You drop 2 potions of magic.
Found a +3 ring of intelligence.
j - 2 scrolls of blinking (gained 1)
You see here 2 scrolls of amnesia.
h - a wand of iceblast (10)
Items here: )))))).
Okay, then.
You see here a +0 pair of boots.
You see here a +0 pair of boots.
You see here a +1 chain mail.
k - a +2 ring of evasion
l - a +3 ring of intelligence You open the door.
A killer bee, 3 yaks, an orc warrior and a troll come into view.
The killer bee buzzes angrily.
The yak bellows! x2; The orc warrior shouts!
The troll shouts!
You hit the troll.
The troll is lightly wounded.
The troll bites you! The troll barely misses you. x2
The orc warrior closely misses you.
You impale the troll!!
The troll is heavily wounded.
You hit the troll.
The troll is heavily wounded.
The troll bites you. The troll claws you. x2
The orc warrior closely misses you.
You barely miss the troll.
The troll is heavily wounded.
The troll barely misses you. You block the troll's attack. The troll claws you!
The orc warrior hits you from afar with a +0 glaive!
You puncture the troll!
You headbutt the troll, but do no damage.
The troll is almost dead.
The troll bites you but does no damage. You block the troll's attack.
The troll claws you!
* * * LOW HITPOINT WARNING * * *
The orc warrior hits you from afar with a +0 glaive!
You die...
Your body crumbles into a pile of gold. ▓▓▓▓▓▓▓▓▓▓▓▓▓▓▓▓▓▓▓▓▓▓▓▓ .yYYYoT@.[[[.)?!'_______ ▓▓▓▓▓▓▓▓▓▓▓▓▓▓▓▓▓▓▓▓▓▓▓▓

You could see 3 yaks, a troll, an orc warrior and a killer bee.

Vanquished Creatures
  An ogre (D)
  2 hounds (D)
  An iguana (D)
  A dart slug (D)
  An orc (D)
  A hobgoblin (D)
  A bat (D)
  A frilled lizard (D)
  A rat (D)
10 creatures vanquished.

Notes
Turn   | Place    | Note
-------+----------+-------------------------------------------
     0 | D        | Heoruswealwe the Minotaur Fighter began the quest for the
                  | Orb.
     0 | D        | Reached XP level 1. HP: 19/19 MP: 0/0
     5 | D        | Reached skill level 3 in Polearms
    20 | D        | Noticed an ogre
    20 | D        | Noticed an iguana
    20 | D        | Noticed a hound
    20 | D        | Noticed a hound
    23 | D        | Reached skill level 4 in Polearms
    23 | D        | Reached XP level 2. HP: 23/28 MP: 1/1
    35 | D        | Reached skill level 5 in Fighting
    35 | D        | Reached skill level 5 in Polearms
    35 | D        | Reached skill level 5 in Armour
    35 | D        | Reached XP level 3. HP: 24/36 MP: 2/2
    38 | D        | Reached skill level 7 in Polearms
    38 | D        | Reached XP level 4. HP: 29/44 MP: 3/3
    44 | D        | Killed an ogre
    45 | D        | Reached skill level 9 in Polearms
    45 | D        | Reached XP level 5. HP: 36/52 MP: 4/4
    51 | D        | Found a snail-covered altar of Cheibriados.
    51 | D        | Found a shadowy altar of Dithmenos.
    51 | D        | Found a white marble altar of Elyvilon.
    51 | D        | Found a blossoming altar of Fedhas.
    51 | D        | Found an opulent altar of Gozag.
    52 | D        | Found a hazy altar of Hepliaklqana.
    53 | D        | Found a viscous altar of Jiyva.
    54 | D        | Found an ancient bone altar of Kikubaaqudgha.
    55 | D        | Found a corrupted altar of Lugonu.
    56 | D        | Found a burning altar of Makhleb.
    57 | D        | Found a sparkling altar of Nemelex Xobeh.
    58 | D        | Found an iron altar of Okawaru.
    59 | D        | Became a worshipper of Gozag Ym Sagoz the Greedy
    60 | D        | Found a stormy altar of Qazlal.
    61 | D        | Found a sacrificial altar of Ru.
    62 | D        | Found a shimmering blue altar of Sif Muna.
    63 | D        | Found a bloodstained altar of Trog.
    64 | D        | Found a hide-covered altar of Uskayaw.
    65 | D        | Found a radiant altar of Vehumet.
    66 | D        | Found an ornate altar of the Wu Jian Council.
    67 | D        | Found a shimmering altar of Xom.
    68 | D        | Found a basalt altar of Yredelemnul.
    69 | D        | Found a glowing silver altar of Zin.
    70 | D        | Found a glowing golden altar of the Shining One.
    78 | D        | Found the +8 Vampire's Tooth {megavamp}
    95 | D        | Noticed a yak
    95 | D        | Noticed a yak
    95 | D        | Noticed a yak
    95 | D        | Noticed an orc warrior
    95 | D        | Noticed a troll
   100 | D        | Slain by an orc warrior

Illustrated notes

Levels and vault maps discovered:
D:        linesprint [early_d, line_temple, items_1, d_10, items_2, lair_1,
          lair_end, items_3, orc_1, orc_end, items_4, d_15, swamp_1, shoals_1,
          snake_1, spider_1, d_20, vaults_1, items_5, swamp_end, shoals_end,
          snake_end, spider_end, vaults_end, d_27, items_6, zot_1, zot_end,
          crypt_end, forest_end, elf_end, slime_end, tomb_end, abyss_end,
          pan_hell_end]

Skill      XL: |  1  2  3  4 |
---------------+-------------+-----
Polearms       | 4 5 7 9 |  9.5
Fighting       | 4 5 7 |  7.4
Armour         | 4 5 7 |  7.4
Shields        | |  3.6

Action                     |  1- 3 |  4- 6 || total
---------------------------+-------+-------++-------
  Melee: Trident           |    27 |    12 ||    39
         Headbutt          |     3 |     3 ||     6
 Armour: Scale mail        |    12 |    10 ||    22
  Dodge: Dodged            |    16 |     8 ||    24
  Block: Buckler           |     8 |     2 ||    10
